 Dungeon Crawl Stone Soup version 0.31-a0-1111-ga3525b893c (webtiles) character file.

Game seed: 14763631443012394265

21 inmateoo the Insei (level 2, 0/28 HPs)
             Began as a Naga Monk on Dec 3, 2023.
             Slain by a goblin
             ... wielding a +0 club
              (2 damage)
             ... on level 1 of the Dungeon.
             The game lasted 00:00:29 (415 turns).

inmateoo the Insei (Naga Monk)                       Turns: 415, Time: 00:00:30

Health: 0/28       AC:  3    Str: 13    XL:     2   Next: 87%
Magic:  2/2        EV: 10    Int: 10    God:
Gold:   22         SH:  0    Dex: 13    Spells: 1/1 levels left

rFire   . .          .
                       - Unarmed
rCold   . . .        c - orb {light}
rNeg    . . .        a - +0 robe
rPois   +            g - +1 helmet
rElec   .            (no cloak)
rCorr   .            (no gloves)
SInv    +            (no barding)
Will    .....        (no amulet)
Stlth   +            (no ring)
HPRegen 0.24/turn    (no ring)
MPRegen 0.08/turn

%: no passive effects
@: glowing, very slow
A: AC +0, large, see invisible, deformed body, poison resistance, slowness 2,
spit poison 1, naga tail 1
a: Spit Poison


You were on level 1 of the Dungeon.
You visited 1 branch of the dungeon, and saw 1 of its levels.

You collected 22 gold pieces.

Inventory:

Armour
 a - a +0 robe (worn)
 c - an orb of light (worn)
 g - a +1 helmet (worn)
Scrolls
 d - a scroll of blinking {unknown}
 e - a scroll of teleportation {unknown}
 f - a scroll of identify {unknown}
 i - a scroll of enchant weapon {unknown}
 j - a scroll of noise {unknown}
Potions
 b - a potion of ambrosia
 h - a potion of resistance {unknown}


   Skills:
 + Level 3.1 Fighting
 + Level 0.3 Armour
 + Level 2.6 Dodging
 * Level 3.4 Unarmed Combat
 + Level 0.5 Shapeshifting


You had one spell level left.
You didn't know any spells.
Your spell library was empty.

Dungeon Overview and Level Annotations

Branches:
Dungeon (1/15)

Altars:


Innate Abilities, Weirdness & Mutations

Your serpentine skin is tough. (AC +0)
You have supernaturally acute eyesight. (SInv)
Armour fits poorly on your strangely shaped body.
Your system is resistant to poisons. (rPois)
You cover ground very slowly.
You can spit poison.
You have a snake-like lower body.


Message History

No target in view!
No target in view!
A kobold comes into view. It is wielding a +0 club.
Found a scroll labelled ROLAET HEAMAL.
The kobold shouts!
You hear a shout!
A kobold comes into view. It is wielding a +0 club.
The kobold moves out of view.
A goblin comes into view. It is wielding a +0 club.
The goblin shouts!
There are monsters nearby!
Found 9 gold pieces.
The kobold closely misses you. The kobold hits you with a +0 club.
The goblin hits you with a +0 club.
There are monsters nearby!
You hit the kobold but do no damage. The goblin closely misses you.
The kobold misses you. The kobold hits you with a +0 club.
There are monsters nearby!
You hit the kobold.
The kobold is severely wounded.
The goblin hits you with a +0 club. The kobold completely misses you.
The kobold closely misses you.
You hit the kobold but do no damage.
The kobold is severely wounded.
The goblin hits you but does no damage. The kobold hits you with a +0 club. x2
You hit the kobold but do no damage.
The kobold is severely wounded.
The goblin hits you with a +0 club.
The kobold hits you but does no damage. x2
You barely miss the kobold.
The kobold is severely wounded.
You completely miss the kobold.
The kobold is severely wounded.
The goblin barely misses you. The kobold hits you with a +0 club. x2
* * * LOW HITPOINT WARNING * * *
The goblin attacks as it pursues you! The goblin hits you with a +0 club.
* * * LOW HITPOINT WARNING * * *
The kobold barely misses you. The goblin hits you with a +0 club.
* * * LOW HITPOINT WARNING * * *
You barely miss the kobold.
The kobold is severely wounded.
The kobold barely misses you. The goblin hits you with a +0 club.
You die...

#.#... .. #........### #.#.### ..
..#........# # #.#.###....
..###+###..### ............
######..#...........
............##......$#.#.###..###
..#.###......+.........# #...##
.............#.......# #..#..
#.#.###..........K.?.#.#. #..#..
#.#.............@gK...... ....###
................##...#.#......# #
#.#.###.........# ...# #......# #
................# ...# #......#
................# ...# #.###..#
###...#..#.#....# ..$#
?g#.............# #.##
?)#...#..#.##...# .#
[[#...#..#.##...#


You could see a goblin and 2 kobolds.

Vanquished Creatures
  2 dart slugs (D:1)
  5 ball pythons (D:1)
  A bat (D:1)
  An endoplasm (D:1)
  A giant cockroach (D:1)
  A goblin (D:1)
  A hobgoblin (D:1)
  2 kobolds (D:1)
  A frilled lizard (D:1)
  A rat (D:1)
16 creatures vanquished.

Notes
Turn   | Place    | Note
-------+----------+-------------------------------------------
     0 | D:1      | inmateoo the Naga Monk began the quest for the Orb.
     0 | D:1      | Reached XP level 1. HP: 21/21 MP: 1/1
   148 | D:1      | Reached XP level 2. HP: 28/28 MP: 2/2
   415 | D:1      | Slain by a goblin

Illustrated notes

Levels and vault maps discovered:
D:1:      lemuel_arrival_tunnels, layout_basic, dk_noncrumbling_3, minivault_26,
          due_unseen_surprise

Action                     || total
---------------------------++-------
  Melee: Unarmed           ||    50
 Armour: Robe              ||    42
  Dodge: Dodged            ||    33

Table legend: (Time is in decaauts)
 A = Elapsed time spent in this place.
 B = Non-inter-level travel time spent in this place.
 C = Inter-level travel time spent in this place.
 D = Time resting spent in this place.
 E = Time spent auto-exploring this place.
 F = Levels seen in this place.
 G = Mean time per level.
                   A        B        C        D        E       F      G
               +--------+--------+--------+--------+--------+-----+--------+
         Total |    534 |    534 |      0 |     46 |    363 |   1 |  534.0 |
       Dungeon |    534 |    534 |      0 |     46 |    363 |   1 |  534.0 |
               +--------+--------+--------+--------+--------+-----+--------+

Top non-repeatable levels by time:
     D:1: 534 daAuts
